 Dungeon Crawl Stone Soup version 0.22.1-6-g1668fe2c40 (webtiles) character file.

536 H0rd4k the Charlatan (level 7, -3/51 HPs)
             Began as a Human Artificer on Jan 17, 2019.
             Killed from afar by Dowan (19 damage)
             ... with a shard of ice
             ... on level 5 of the Dungeon.
             The game lasted 00:05:01 (3547 turns).

H0rd4k the Charlatan (Human Artificer)              Turns: 3547, Time: 00:05:02

Health: -3/51      AC:  3    Str: 15    XL:     7   Next: 50%
Magic:  9/9        EV: 13    Int: 11    God:
Gold:   161        SH:  0    Dex: 13    Spells: 6/6 levels left

rFire    . . .     SeeInvis .   o - +1 dagger (venom)
rCold    . . .     Gourm    .   (no shield)
rNeg     . . .     Faith    .   b - +0 leather armour
rPois    .         Spirit   .   (no helmet)
rElec    .         Reflect  .   (no cloak)
rCorr    .         Harm     .   (no gloves)
MR       .....                  (no boots)
Stlth    ++........             (no amulet)
HPRegen  0.17/turn              (no ring)
MPRegen  0.11/turn              (no ring)

@: no status effects
A: no striking features
a: no special abilities


You were on level 5 of the Dungeon.
You were hungry.

You visited 1 branch of the dungeon, and saw 5 of its levels.

You collected 161 gold pieces.

Inventory:

Hand Weapons
 a - a +0 short sword
 o - a +1 dagger of venom (weapon)
 C - a +0 vampiric hand axe
Missiles
 g - 54 arrows
 r - 88 sling bullets
 B - 12 bolts
Armour
 b - a +0 leather armour (worn)
Jewellery
 j - an uncursed ring of magical power {unknown}
Wands
 c - a wand of flame (13)
 d - a wand of enslavement (15)
 e - a wand of random effects (10)
Scrolls
 h - 3 scrolls of identify {unknown}
 i - a scroll of enchant weapon {unknown}
 k - a scroll of enchant armour {unknown}
 l - 2 scrolls of fog {unknown}
 p - a scroll of magic mapping {unknown}
 q - a scroll of fear {unknown}
 u - a scroll of blinking {unknown}
 x - a scroll of random uselessness {unknown}
 y - 2 scrolls of teleportation {unknown}
Potions
 m - a potion of haste {unknown}
 n - a potion of mutation {unknown}
 s - a potion of degeneration {unknown}
 t - a potion of heal wounds {unknown}
 w - a potion of invisibility {unknown}
 z - a potion of brilliance {unknown}
 A - a potion of curing
 D - a potion of lignification {unknown}
Comestibles
 f - 8 rations


   Skills:
 + Level 2.4 Fighting
 + Level 3.3 Short Blades
 + Level 3.2 Armour
 + Level 3.7 Dodging
 + Level 3.4 Stealth
 + Level 3.8 Evocations


You had 6 spell levels left.
You didn't know any spells.
Your spell library was empty.

Dungeon Overview and Level Annotations

Branches:
Dungeon (5/15)
 Temple: D:4-7

Altars:
Cheibriados
Trog
Wu Jian
Xom
Zin
The Shining One

Annotations:
D:1 exclusion: gnoll
D:5 Dowan


Message History

The scorpion closely misses you.
A howler monkey skeleton comes into view.
The scorpion stings you!
* * * LOW HITPOINT WARNING * * *
Dowan smirks and points a slender finger.
A centaur comes into view.
There is a stone staircase leading down here.
Found a large opal ring.
Dowan mumbles some strange words.
Dowan blinks!
An iguana comes into view.
Found a smoky puce potion.
You kill Duvessa!
You hear a distant wail of despair.
The scorpion completely misses you.
Dowan seems to find hidden reserves of power!
The centaur shouts!
Dowan casts a spell at you. The shard of ice hits you!
You die...

..#..Z.....!+ #######
#c##..##.#### #.....#
#.##Z###Z#
#.....####.>).##Z.#
##......w.....e##.##
.......ยง.....#.##.#
..##########....#s#
#..#### ##.....######
##..ZW##########@........
####.#........#..#######
#..............#
######............#
.....e..<..........#
#.#...#............#
#..Ze.#>......._...#
#.#.. #............#
#...# #########.


You could see Dowan, a centaur, a scorpion, a centaur skeleton and a howler
monkey skeleton.

Vanquished Creatures
  Sigmund (D:3)
  Duvessa (D:5)
  An ogre (D:4)
  A centaur zombie (D:3)
  A worker ant (D:5)
  6 adders
  An ooze (D:2)
  3 worms
  3 dart slugs (D:1)
  4 leopard geckos
  2 giant cockroaches
  8 goblins
  9 hobgoblins
  4 jackals (D:2)
  4 kobolds
  3 ball pythons
  2 bats
  5 frilled lizards
  9 rats
68 creatures vanquished.

Vanquished Creatures (others)
  4 jackals (D:2)
4 creatures vanquished.

Grand Total: 72 creatures vanquished

Notes
Turn   | Place    | Note
-------+----------+-------------------------------------------
     0 | D:1      | H0rd4k the Human Artificer began the quest for the Orb.
     0 | D:1      | Reached XP level 1. HP: 15/15 MP: 3/3
   248 | D:1      | Reached XP level 2. HP: 14/21 MP: 4/4
   764 | D:1      | Reached XP level 3. HP: 19/26 MP: 5/5
   925 | D:1      | Noticed a big kobold
   925 | D:1      | Noticed a big kobold
   925 | D:1      | Noticed a big kobold
   930 | D:1      | Noticed a big kobold
  1426 | D:2      | Found a glowing silver altar of Zin.
  1426 | D:2      | Noticed an angel
  1427 | D:2      | Found a shimmering altar of Xom.
  1513 | D:2      | Reached skill level 1 in Armour
  1535 | D:2      | Reached XP level 4. HP: 19/32 MP: 6/6
  2215 | D:2      | Found a bloodstained altar of Trog.
  2514 | D:3      | Noticed Sigmund
  2537 | D:3      | Reached XP level 5. HP: 32/37 MP: 7/7
  2571 | D:3      | Killed Sigmund
  2571 | D:3      | Reached XP level 6. HP: 27/44 MP: 8/8
  2948 | D:3      | Found a faded altar of an unknown god.
  3106 | D:4      | Found a glowing golden altar of the Shining One.
  3221 | D:4      | Noticed an ogre
  3231 | D:4      | Killed an ogre
  3231 | D:4      | Reached XP level 7. HP: 12/50 MP: 9/9
  3500 | D:5      | Entered Level 5 of the Dungeon
  3500 | D:5      | Found a snail-covered altar of Cheibriados.
  3500 | D:5      | Found an ornate altar of the Wu Jian Council.
  3500 | D:5      | Noticed Duvessa
  3501 | D:5      | Noticed Dowan
  3538 | D:5      | Killed Duvessa
  3547 | D:5      | Killed from afar by Dowan

Skill      XL: |  1  2  3  4  5  6  7 |
---------------+----------------------+-----
Armour         | 1 2 3 |  3.2
Stealth        | 2 3 |  3.4
Short Blades   | 2 3 |  3.3
Dodging        | 3 |  3.7
Fighting       | 2 |  2.4
Evocations     | |  3.8

Action                   |  1- 3 |  4- 6 |  7- 9 || total
-------------------------+-------+-------+-------++-------
Melee: Short sword       |   134 |     2 |       ||   136
       Dagger            |       |   143 |    16 ||   159
Evoke: Wand              |     2 |     5 |       ||     7
  Use: Potion            |     2 |       |       ||     2
 Stab: Sleeping          |     3 |     5 |       ||     8
  Eat: Chunk             |     1 |     6 |     1 ||     8
Armor: Leather armour    |    28 |    27 |     3 ||    58
Dodge: Dodged            |    76 |    73 |    10 ||   159
